 Dungeon Crawl Stone Soup version 0.28.0-49-g6dfe1f597d (webtiles) character file.

Game seed: 7468105720929560757

375 unlimited1921 the Firebug (level 6, -6/37 HPs)
             Began as an Octopode Fire Elementalist on May 18, 2022.
             Mangled by a water moccasin (9 damage)
             ... on level 5 of the Dungeon.
             The game lasted 00:16:46 (8744 turns).

unlimited1921 the Firebug (OpFE)                    Turns: 8744, Time: 00:16:46

Health: -6/37      AC:  1    Str:  8    XL:     6   Next: 73%
Magic:  2/11       EV: 13    Int: 19    God:
Gold:   149        SH:  0    Dex: 12    Spells: 6/12 levels left

rFire   . . .      SeeInvis .   q - +3 falchion (vorpal)
rCold   . . .      Faith    .   j - orb {*Rage}
rNeg    + . .      Spirit   .   (helmet restricted)
rPois   .          Reflect  .   (no amulet)
rElec   .          Harm     .   w - ring of positive energy
rCorr   .          Rampage  .   (no ring)
Will    .....      Rage     20% (no ring)
Stlth   +++.......              (no ring)
HPRegen 0.12/turn               (no ring)
MPRegen 0.12/turn               (no ring)
                                (no ring)
                                (no ring)

@: lethally poisoned (-6 -> -17), hasted, very quick
A: almost no armour, amphibious, 8 rings, camouflage 1, gelatinous body 1,
(nimble swimmer 1), tentacles
a: no special abilities


You were on level 5 of the Dungeon.
You visited 1 branch of the dungeon, and saw 5 of its levels.

You collected 149 gold pieces.

Inventory:

Hand Weapons
 c - a +0 short sword
 k - a +0 hunting sling
 n - a +1 antimagic mace
 o - a +0 hand axe
 q - a +3 vorpal falchion (weapon)
Missiles
 a - 3 poisoned darts
 e - 29 sling bullets
 f - 9 bolts
 i - 165 stones
Armour
 j - an orb of wrath (worn)
Jewellery
 w - a ring of positive energy (left tentacle)
Scrolls
 d - a scroll of enchant weapon
 g - a scroll of identify {unknown}
 h - a scroll of summoning {unknown}
 l - a scroll of brand weapon {unknown}
 m - a scroll of fog {unknown}
 t - a scroll of blinking {unknown}
Potions
 b - a potion of curing {unknown}
 p - a potion of lignification {unknown}
 r - a potion of cancellation {unknown}
 s - a potion of berserk rage {unknown}
 u - a potion of haste
 v - a potion of degeneration {unknown}
 x - a potion of mutation {unknown}


   Skills:
 + Level 0.9 Fighting
 + Level 0.3 Short Blades
 + Level 0.3 Maces & Flails
 + Level 2.4 Dodging
 + Level 4.2 Stealth
 + Level 3.6 Spellcasting
 + Level 2.3 Conjurations
 + Level 5.0 Fire Magic


You had 6 spell levels left.
You knew the following spells:

 Your Spells              Type           Power      Damage    Failure   Level
a - Foxfire               Conj/Fire      68%        2x1d7     3%          1
b - Scorch                Fire           44%        2d7       2%          2
c - Inner Flame           Hex/Fire       13%        N/A       16%         3

Your spell library contained the following spells:

 Spells                   Type           Power      Damage    Failure   Level
 Conjure Flame            Conj/Fire      17%        6-21      10%         3
 Flame Wave               Conj/Fire      17%        2d6       30%         4
 Gell's Gravitas          Tloc           3%         N/A       38%         3
 Teleport Other           Tloc           3%         N/A       38%         3
 Dispersal                Tloc           1%         N/A       100%        6


Dungeon Overview and Level Annotations

Branches:
Dungeon (5/15)
 Temple: D:4-7

Altars:
Okawaru
Sif Muna
Wu Jian
The Shining One

Annotations:
D:5 Edmund


Innate Abilities, Weirdness & Mutations

You cannot wear most types of armour.
You are amphibious.
You can wear up to eight rings at the same time.
Your skin changes colour to match your surroundings (Stealth+).
Your rubbery body absorbs attacks. (AC +1, EV +1)
((You are camouflaged when in or above water. (Stealth+)))
You have tentacles for arms and can constrict up to eight enemies at once.


Message History

You feel very sick. The water moccasin misses you.
You feel sick.
Casting: Scorch (safe; 2% risk of failure)
Confirm with . or Enter, or press ? or * to list all spells.
Flames lash the black bear.
The black bear is lightly wounded.
The black bear's fire resistance burns away.
You feel sick. The water moccasin misses you.
The water moccasin barely misses you.
Casting: Scorch (safe; 2% risk of failure)
Confirm with . or Enter, or press ? or * to list all spells.
Flames lash the adder.
You kill the adder!
You feel sick. The water moccasin misses you.
Your Fire Magic skill increases to level 5!
You feel sick. The water moccasin misses you.
You feel sick.
The black bear is no longer more vulnerable to fire.
You feel sick.
You feel sick.
The water moccasin completely misses you.
You feel sick.
You are no longer poisoned.
The water moccasin is no longer more vulnerable to fire.
The water moccasin completely misses you.
The water moccasin barely misses you.
There is an open door here.
The water moccasin bites you.
* * * LOW HITPOINT WARNING * * *
You are lethally poisoned!
The water moccasin poisons you!
* * * LOW HITPOINT WARNING * * *
You feel very sick.
There is an open door here.
It was a potion of haste.
You feel yourself speed up.
* * * LOW HITPOINT WARNING * * *
You feel very sick. The water moccasin bites you!
You die...

@#+#...#+# ..##.#.# .#.......#
#.##.#.# ####...### #.##.#.#
.#.'.@.'.# #.##.#.# '#.#####.#+#
##.##.#.# .....#..@..# #.....#.#
. .....+.....##+###..####.# ..
.....#.....#...#.......<# ...
+#.#####.#+#...#@######## ..>.
#.+...'.#.....S.# .....
####...#####...#### #####......
.#.......#.+...'..## #..†.#
.#+#...#+#.#####...###h##.......
...#...#.....##..h..##.# #######
...##@##.....+......##.#
...#...#.....#.........#
.#'#...#+#.###......####


You could see a water moccasin.

Vanquished Creatures
  A black bear (D:5)
  2 water moccasin skeletons
  A hound (D:4)
  A bullfrog skeleton (D:5)
  An iguana (D:5)
  4 adders
  4 worms
  3 bats
  6 endoplasms (D:2)
  6 giant cockroaches
  8 hobgoblins
  4 jackals (D:4)
  9 kobolds
  2 quokkas
  2 ball pythons (D:2)
  2 frilled lizards
  9 goblins
  3 rats
68 creatures vanquished.

Vanquished Creatures (others)
  223 foxfires
223 creatures vanquished.

Grand Total: 291 creatures vanquished

Notes
Turn   | Place    | Note
-------+----------+-------------------------------------------
     0 | D:1      | unlimited1921 the Octopode Fire Elementalist began the
                  | quest for the Orb.
     0 | D:1      | Reached XP level 1. HP: 11/11 MP: 3/3
   716 | D:1      | Reached XP level 2. HP: 17/17 MP: 1/5
  1085 | D:1      | Found a faded altar of an unknown god.
  2054 | D:2      | Found a shimmering blue altar of Sif Muna.
  2643 | D:2      | Reached XP level 3. HP: 21/21 MP: 2/6
  2999 | D:2      | Learned a level 2 spell: Scorch
  3003 | D:2      | Learned a level 3 spell: Inner Flame
  4227 | D:2      | Reached XP level 4. HP: 27/27 MP: 3/8
  5607 | D:3      | Found an iron altar of Okawaru.
  6189 | D:3      | Found a glowing golden altar of the Shining One.
  6189 | D:3      | Found an ornate altar of the Wu Jian Council.
  6932 | D:4      | Reached skill level 4 in Fire Magic
  6932 | D:4      | Reached XP level 5. HP: 6/32 MP: 6/9
  8169 | D:5      | Entered Level 5 of the Dungeon
  8203 | D:5      | Reached XP level 6. HP: 37/37 MP: 0/10
  8582 | D:5      | Noticed Edmund
  8582 | D:5      | Noticed a black bear
  8638 | D:5      | Killed a black bear
  8719 | D:5      | Noticed a black bear
  8719 | D:5      | Noticed a water moccasin
  8732 | D:5      | Reached skill level 5 in Fire Magic
  8744 | D:5      | Mangled by a water moccasin

Illustrated notes

Levels and vault maps discovered:
D:1:      minmay_arrival_open_corners, layout_basic,
          hellmonk_ecumenical_altar_crossroads, minmay_liquid_box
D:2:      layout_loops_corners, basic_altar, minmay_goblin_outpost
D:3:      layout_loops_corners, okawaru_ov_weapons_minmay,
          amethyst_overflow_temple_binary
D:4:      layout_gridville
D:5:      nicolae_cairo_tiling_large, layout_loops_ring, wad_floor_pattern_2,
          minivault_14, st_stairs_4, minmay_misc_feat_tower, uniq_edmund

Skill      XL: |  1  2  3  4  5  6 |
---------------+-------------------+-----
Stealth        | 3 4 |  4.2
Spellcasting   | 3 |  3.6
Fire Magic     | 4 5 |  5.0
Conjurations   | 2 |  2.3
Fighting       | |  0.9
Short Blades   | |  0.3
Maces & Flails | |  0.3
Dodging        | |  2.4

Action                   |  1- 3 |  4- 6 || total
-------------------------+-------+-------++-------
Melee: Short sword       |    12 |     4 ||    16
       Constrict         |     2 |     5 ||     7
       Tentacles         |     1 |     4 ||     5
       Falchion          |       |    13 ||    13
       Mace              |       |     2 ||     2
 Cast: Foxfire           |    81 |    53 ||   134
       Scorch            |       |    18 ||    18
  Use: Scroll            |       |     2 ||     2
       Potion            |       |     1 ||     1
 Stab: Sleeping          |     3 |     3 ||     6
Armor: Skin              |     1 |     1 ||     2
Dodge: Dodged            |     4 |    29 ||    33
